Map: Purity and Industry LE

Players

Noumena

  • Race: Terran Terran
  • League: Master
  • Spawn Location: 3:00

BerryRAWR - Winner!

  • Race: Terran Terran
  • League: Master
  • Spawn Location: 12:00

VOD

Have the link to the VOD?

Description

Time

  • Played on: April 21, 2020, 3:23 a.m.
  • Length: 15:01
Show
View Real Time Build Order
Export as new Build Order

Noumena Terran 

Build Orders: Mech 

Get SALT Encoding   

  12  0:00  SCV  
  13  0:13  SCV  
  14  0:17  Supply Depot  
  14  0:28  SCV  
  15  0:31  Refinery  
  15  0:40  SCV  
  16  0:46  Barracks  
  16  0:52  SCV  
  17  0:59  Refinery  
  18  1:04  SCV  
  18  1:16  SCV  
  19  1:33  Reaper, Orbital Command  
  20  1:41  Factory  
  20  1:50  Supply Depot  
  20  2:00  SCV  
  21  2:07  Reaper  
  22  2:12  SCV  
  23  2:24  SCV  
  23  2:26  Hellion  
  26  2:36  SCV  
  27  2:39  Reaper  
  27  2:41  Command Center  
  28  2:47  Hellion  
  28  2:49  SCV  
  31  2:54  Supply Depot  
  31  3:04  Starport  
  31  3:10  Factory Tech Lab  
  31  3:15  SCV  
  31  3:18  Barracks Reactor  
  32  3:27  SCV  
  32  3:30  Cyclone  
  36  3:40  SCV  
  35  3:47  Viking  
  37  3:52  SCV  
  38  3:57  Marine x2  
  38  4:02  Cyclone, Orbital Command  
  43  4:04  SCV  
  43  4:07  Supply Depot  
  44  4:16  SCV  
  43  4:28  SCV  
  43  4:29  SCV  
  39  4:38  Cyclone, Starport Tech Lab, Marine x2  
  36  4:40  SCV  
  36  4:41  SCV  
  43  4:52  SCV  
  44  4:54  SCV  
  44  4:55  Command Center  
  44  5:04  SCV  
  44  5:05  Marine x2  
  44  5:06  SCV  
  47  5:10  Raven  
  49  5:14  Bunker  
  49  5:16  SCV  
  49  5:18  SCV  
  50  5:25  Cyclone, Marine x2  
  50  5:28  SCV  
  50  5:30  SCV  
  52  5:40  Supply Depot  
  52  5:41  SCV, Refinery  
  52  5:42  SCV  
  54  5:52  Raven  
  54  5:53  SCV  
  54  5:54  SCV  
  58  6:00  Supply Depot  
  58  6:04  Refinery, Marine x2, Siege Tank  
  61  6:05  SCV  
  61  6:06  SCV  
  61  6:07  Orbital Command  
  61  6:10  Engineering Bay  
  64  6:17  SCV  
  60  6:18  SCV  
  60  6:29  SCV  
  60  6:30  SCV  
  62  6:34  Marine x2  
  62  6:38  Factory  
  61  6:41  SCV  
  61  6:42  SCV  
  63  6:51  Missile Turret x2  
  63  6:53  SCV  
  64  6:55  SCV  
  65  7:05  SCV, Siege Tank  
  65  7:06  Orbital Command  
  65  7:07  SCV  
  70  7:11  Supply Depot  
  70  7:15  Barracks Reactor, Factory  
  70  7:17  SCV  
  70  7:19  SCV, Armory  
  72  7:29  Viking x2, SCV, Missile Turret  
  77  7:33  SCV  
  78  7:38  SCV  
  78  7:42  SCV, Siege Tank  
  83  7:44  Siege Tank  
  83  7:47  SCV  
  83  7:49  Refinery  
  83  7:50  SCV, Refinery  
  88  7:52  Supply Depot  
  88  7:54  SCV  
  89  7:59  SCV  
  89  8:00  Missile Turret  
  89  8:01  Missile Turret  
  89  8:02  SCV  
  89  8:03  Viking  
  89  8:04  Viking  
  95  8:06  SCV  
  95  8:11  SCV  
  97  8:14  SCV  
  97  8:18  SCV  
  98  8:20  Command Center  
  98  8:23  SCV  
  99  8:33  SCV, Siege Tank x2  
  106  8:39  Hellion  
  108  8:43  Viking x2, Supply Depot, Hellion  
  108  8:44  Terran Vehicle And Ship Armor Level 1  
  114  8:48  SCV  
  114  8:50  Missile Turret  
  115  8:56  Infernal Pre-Igniter  
  115  8:57  Armory  
  115  9:01  SCV, Factory  
  114  9:03  SCV  
  114  9:05  Siege Tank  
  113  9:10  SCV  
  113  9:12  Siege Tank  
  115  9:18  SCV  
  115  9:24  Viking x2, SCV  
  119  9:36  Hellion x2  
  119  9:37  Siege Tank  
  126  9:44  SCV, Siege Tank  
  130  9:48  SCV  
  130  9:50  SCV  
  130  10:00  SCV  
  130  10:05  Viking x2  
  130  10:06  Hellion  
  130  10:07  SCV, Hellion  
  139  10:13  Factory Tech Lab  
  140  10:16  Factory  
  140  10:20  Supply Depot  
  140  10:21  Supply Depot  
  140  10:23  Supply Depot  
  140  10:24  Terran Vehicle Weapons Level 1  
  140  10:26  Supply Depot  
  140  10:27  Hellion  
  139  10:29  Siege Tank  
  139  10:31  Hellion  
  129  10:38  Terran Ship Weapons Level 1  
  129  10:39  Liberator  
  123  10:48  Orbital Command, Siege Tank  
  123  10:49  SCV  
  127  10:55  Command Center, Liberator  
  130  11:07  Smart Servos  
  130  11:08  Factory Reactor  
  130  11:12  Refinery  
  130  11:13  SCV, Refinery  
  130  11:14  SCV, Command Center  
  132  11:19  SCV  
  132  11:23  Hellion, Siege Tank  
  131  11:31  SCV  
  115  11:36  Hellion x2, Orbital Command  
  113  11:42  Viking x2  
  113  11:43  SCV  
  118  11:53  SCV  
  119  11:54  SCV  
  119  11:58  Hellion, Siege Tank  
  124  12:02  SCV  
  124  12:03  SCV  
  125  12:16  SCV  
  125  12:18  Hellion, Siege Tank  
  125  12:19  Liberator x2  
  125  12:22  Hellion x3, Siege Tank  
  141  12:29  SCV  
  142  12:33  Siege Tank  
  145  12:38  Refinery  
  145  12:39  SCV x2, Hellion  
  145  12:43  Hellion  
  151  12:45  SCV  
  151  12:47  Refinery  
  151  12:48  Missile Turret  
  152  12:52  Hellion  
  154  13:00  Hellion  
  154  13:03  Widow Mine  
  154  13:04  Widow Mine x2  
  154  13:05  Refinery  
  160  13:06  Siege Tank  
  160  13:09  Refinery  
  160  13:10  SCV, Sensor Tower  
  160  13:11  SCV  
  165  13:13  Command Center  
  165  13:14  SCV  
  165  13:15  Missile Turret  
  165  13:16  Siege Tank  
  159  13:27  Factory  
  159  13:30  SCV  
  160  13:37  Planetary Fortress  
  160  13:39  Planetary Fortress  
  160  13:46  SCV  
  161  13:49  Hellion, Siege Tank x2  
  161  13:50  Hellion  
  171  13:56  Viking x2, SCV  
  171  13:58  Hellion, Siege Tank  
  171  13:59  SCV  
  180  14:14  Widow Mine  
  180  14:16  Factory  
  182  14:20  Missile Turret  
  182  14:32  Fusion Core  
  182  14:36  Hellion  
  193  14:47  SCV  
Show
View Real Time Build Order
Export as new Build Order

BerryRAWR Terran - Winner!

Build Orders:  

Get SALT Encoding   

  12  0:01  SCV  
  13  0:13  SCV  
  14  0:18  Supply Depot  
  14  0:25  SCV  
  15  0:32  Refinery  
  15  0:39  SCV  
  16  0:45  Barracks  
  16  0:51  SCV  
  17  1:03  SCV  
  18  1:15  SCV  
  19  1:33  Reaper, Orbital Command  
  20  1:46  Refinery  
  20  1:55  Factory  
  20  1:59  SCV  
  21  2:02  Supply Depot  
  21  2:10  Barracks Tech Lab  
  21  2:11  SCV  
  21  2:13  Barracks Reactor  
  22  2:24  SCV  
  23  2:36  SCV  
  24  2:41  Starport  
  24  2:42  Factory Tech Lab  
  24  2:46  Supply Depot  
  24  2:48  SCV  
  24  2:49  Marine  
  24  2:50  Marine  
  27  2:55  Supply Depot  
  27  3:00  SCV  
  28  3:06  Siege Tank  
  28  3:08  Marine x2  
  32  3:23  Medivac  
  32  3:25  Marine x2  
  33  3:43  Marine  
  33  3:44  Marine  
  33  3:45  Cyclone  
  33  3:47  SCV  
  39  3:51  Command Center  
  39  3:56  Supply Depot  
  39  3:59  SCV, Starport Tech Lab  
  39  4:01  Marine  
  39  4:02  Marine  
  42  4:11  SCV  
  43  4:19  Supply Depot  
  43  4:20  Marine  
  39  4:34  Marine  
  39  4:35  Banshee  
  39  4:37  Cloaking Field  
  39  4:38  Marine  
  41  4:44  SCV  
  42  4:52  Marine  
  43  4:56  SCV  
  43  4:58  Marine  
  45  5:06  Siege Tank  
  45  5:16  Marine  
  45  5:17  Banshee  
  47  5:23  SCV  
  46  5:30  Command Center  
  46  5:32  Marine  
  46  5:34  Marine  
  45  5:35  SCV  
  45  5:38  Siege Tank  
  45  5:39  SCV  
  49  5:48  SCV  
  50  5:52  Orbital Command  
  50  5:53  Marine  
  50  5:54  Marine  
  50  5:55  Refinery  
  52  6:01  SCV  
  55  6:13  SCV  
  55  6:18  SCV  
  57  6:21  Refinery  
  55  6:26  SCV  
  55  6:29  Marine x2, Siege Tank  
  55  6:30  SCV  
  62  6:33  Barracks  
  62  6:35  Barracks  
  62  6:38  SCV  
  63  6:42  SCV  
  63  6:46  Orbital Command  
  61  6:50  SCV  
  59  6:54  SCV  
  59  6:56  Barracks x2  
  59  6:57  Starport Reactor  
  59  7:00  Engineering Bay  
  60  7:02  SCV, Marine  
  60  7:03  Engineering Bay  
  60  7:06  SCV, Stimpack  
  63  7:11  SCV  
  63  7:14  SCV  
  65  7:18  SCV  
  65  7:20  Supply Depot  
  65  7:22  Siege Tank  
  69  7:23  SCV  
  69  7:26  SCV  
  69  7:27  Barracks Reactor  
  69  7:28  Barracks Tech Lab  
  69  7:29  Terran Infantry Weapons Level 1, Terran Infantry Armor Level 1  
  71  7:31  SCV  
  71  7:35  SCV  
  73  7:39  Medivac x2  
  73  7:42  Barracks Tech Lab  
  73  7:43  SCV x2  
  79  7:48  SCV  
  80  7:52  Supply Depot  
  80  7:54  Combat Shield, Marauder x2, Supply Depot  
  80  7:55  Marine  
  80  7:56  Marine  
  86  7:59  SCV x2  
  86  8:00  SCV  
  89  8:06  Marauder, Marine x2  
  89  8:11  SCV  
  89  8:12  Siege Tank  
  94  8:14  Marine  
  94  8:15  Marauder x2  
  94  8:16  SCV x2  
  101  8:21  Marine  
  101  8:23  SCV  
  101  8:24  Marine  
  104  8:27  Marauder  
  104  8:30  SCV x2  
  104  8:34  Supply Depot, Command Center  
  108  8:41  Armory, Medivac  
  108  8:42  SCV x2  
  108  8:44  Refinery  
  108  8:45  Refinery, Marauder  
  114  8:48  SCV  
  114  8:49  Medivac  
  114  8:52  Concussive Shells  
  117  8:56  SCV x2  
  117  8:57  Marine x2  
  117  8:58  Marauder x2  
  120  9:15  Marauder, Marine  
  120  9:16  Marine x2  
  114  9:19  Marauder x2  
  114  9:20  Marine  
  121  9:32  Marine  
  121  9:34  Marine x2  
  121  9:35  Terran Infantry Weapons Level 2  
  121  9:36  Barracks  
  121  9:37  Barracks  
  121  9:38  Marine, Barracks  
  124  9:39  Terran Infantry Armor Level 2, Marauder  
  124  9:42  SCV  
  124  9:45  SCV, Supply Depot  
  130  9:46  Marauder x2  
  130  9:47  Supply Depot  
  130  9:51  Command Center  
  130  9:53  Marine x2  
  130  9:58  Siege Tank  
  135  10:00  Marauder  
  135  10:01  Medivac  
  135  10:06  Medivac  
  141  10:08  SCV x3  
  141  10:10  Marine x2  
  141  10:11  Marauder  
  148  10:24  Marauder  
  146  10:31  Medivac  
  146  10:35  Siege Tank  
  143  10:37  Barracks Reactor  
  143  10:42  Marauder x2, Marine x4  
  150  10:45  Barracks Tech Lab x2  
  150  10:46  Marauder  
  150  10:49  Planetary Fortress  
  151  10:51  SCV x2  
  151  10:59  Marine x2  
  151  11:00  Marine  
  151  11:02  Command Center  
  151  11:03  Marauder x2  
  158  11:08  SCV x3  
  161  11:11  Command Center  
  161  11:13  Orbital Command  
  161  11:16  Marauder, Marine  
  164  11:22  Siege Tank  
  162  11:28  Marauder x2, Marine x3  
  162  11:29  Marauder  
  155  11:40  SCV x3  
  155  11:43  Marine  
  155  11:44  Marauder x2  
  161  11:49  Marine  
  161  11:50  Medivac, Marauder x3  
  161  11:52  Marine x4  
  161  11:53  Medivac  
  166  12:01  Marine  
  149  12:03  Terran Infantry Weapons Level 3  
  149  12:05  Terran Infantry Armor Level 3, Marauder x2  
  149  12:07  Marine  
  152  12:11  Marauder  
  152  12:14  Sensor Tower  
  154  12:18  Sensor Tower  
  154  12:19  SCV x3  
  154  12:21  Marauder x2, Marine x5  
  166  12:25  Marine  
  158  12:33  Barracks  
  158  12:34  Barracks  
  158  12:35  Barracks  
  158  12:36  Medivac, Marauder x2, Barracks  
  164  12:39  Orbital Command  
  164  12:42  Planetary Fortress, Refinery  
  164  12:45  Factory Tech Lab  
  164  12:49  Marauder x3, Marine x2  
  164  12:51  Marine x4  
  174  12:55  Terran Vehicle And Ship Armor Level 1  
  176  13:00  Missile Turret  
  176  13:03  Missile Turret  
  176  13:07  Missile Turret x3  
  176  13:09  Missile Turret  
  176  13:11  Missile Turret  
  176  13:12  Marauder x2  
  180  13:18  Marauder x3, Marine x4  
  190  13:20  Marine  
  191  13:27  Marine  
  191  13:33  Marauder  
  194  13:38  Marauder x3  
  200  13:41  Barracks Reactor, Command Center  
  200  13:42  Barracks Reactor  
Tags
 
Add a new tag
Caveats
  • Supply blocks, unpowered buildings, or Contaminate may cause inaccurate times.
  • Supply counts are checked every 10 seconds.